 Dungeon Crawl Stone Soup version 0.30.1-1-g62c8e00024 (webtiles) character file.

Game seed: 12835872107875669850

25634 diecastcamel the Spear-Bearer (level 13, -1/109 HPs)
             Began as a Merfolk Berserker on July 17, 2023.
             Was an Elder of Trog.
             Slain by Rupert
             ... wielding a +2 great mace of pain
              (29 damage)
             ... on level 3 of the Lair of Beasts.
             The game lasted 01:26:59 (16290 turns).

diecastcamel the Spear-Bearer (Merfolk Berserker)  Turns: 16290, Time: 01:26:59

Health: -1/109     AC: 22    Str: 21    XL:     13   Next: 20%
Magic:  13/13      EV: 12    Int: 10    God:    Trog [****..]
Gold:   466        SH: 10    Dex: 14    Spells: 12/12 levels left

rFire   . . .        H - +0 trident (vamp)
rCold   . . .        I - +0 buckler
rNeg    . . .        D - +0 chain mail
rPois   .            q - +1 helmet
rElec   .            (no cloak)
rCorr   .            e - +0 pair of gloves
SInv    .            (no boots)
Will    .....        K - amulet of reflection Stlth
                     T - ring of Egomania {AC+4 Int+5}
HPRegen 0.38/turn    j - +4 ring of protection
MPRegen 0.13/turn

%: reflection
@: no status effects
A: (nimble swimmer 2), mertail, dopey 1
a: Renounce Religion, Berserk, Trog's Hand, Brothers in Arms


You were on level 3 of the Lair of Beasts.
You worshipped Trog.
Trog was greatly pleased with you.
You visited 2 branches of the dungeon, and saw 14 of its levels.
You also visited: Sewer.

You collected 903 gold pieces.
You spent 437 gold pieces at shops.

Inventory:

Hand Weapons
 y - the +6 short sword of Malaise {vamp, Contam rF+ rC+ Dex+2}
   (You found it in a sewer)

   Dex:       It affects your dexterity (+2).
   rF:        It protects you from fire.
   rC:        It protects you from cold.
   Contam:    It causes magical contamination when unequipped.
 H - a +0 vampiric trident (weapon)
Missiles
 b - 115 stones
 v - 17 poisoned darts
 N - a curare-tipped dart
 P - 7 javelins
Armour
 e - a +0 pair of gloves (worn)
 p - +0 ice dragon scales
 q - a +1 helmet (worn)
 D - a +0 chain mail (worn)
 I - a +0 buckler (worn)
Jewellery
 g - a ring of see invisible
 h - a ring of protection from fire
 j - a +4 ring of protection (right hand)
 u - a +6 ring of intelligence
 K - an amulet of reflection (around neck)
 Q - a +6 ring of strength
 T - the ring of Egomania (left hand) {AC+4 Int+5}
   (You took it off a meliai on level 11 of the Dungeon)

   [ring of protection]

   AC:        It affects your AC (+4).
   Int:       It affects your intelligence (+5).
Wands
 a - a wand of digging (4)
 w - a wand of roots (5) (quivered)
 F - a wand of flame (9)
 S - a wand of polymorph (3)
Scrolls
 c - 3 scrolls of immolation
 d - a scroll of fog
 k - 4 scrolls of teleportation
 m - 3 scrolls of magic mapping
 n - 3 scrolls of enchant weapon
 o - a scroll of fear
 s - 2 scrolls of poison
 C - a scroll of brand weapon
 L - a scroll of vulnerability
Potions
 f - 2 potions of ambrosia {unknown}
 i - 3 potions of heal wounds {unknown}
 l - 4 potions of degeneration {unknown}
 r - a potion of resistance
 t - 2 potions of might {unknown}
 x - 2 potions of cancellation {unknown}
 z - 3 potions of mutation {unknown}
 A - 2 potions of invisibility {unknown}
 B - 4 potions of haste {unknown}
 E - 3 potions of attraction {unknown}
 G - 2 potions of magic {unknown}
 O - a potion of lignification {unknown}
 R - a potion of berserk rage {unknown}
 V - a potion of curing
Miscellaneous
 J - a phial of floods
 M - a piece from Xom's chessboard (15/15)


   Skills:
 + Level 12.3 Fighting
 + Level 14.6 Polearms
 + Level 8.3 Armour
 + Level 11.0 Dodging
 - Level 4.0 Shields
 + Level 7.5 Evocations


You had 12 spell levels left.
You didn't know any spells.
Your spell library was empty.

Dungeon Overview and Level Annotations

Branches:
Dungeon (11/15)            Temple (0/1) D:5            Lair (3/5) D:11
  Swamp (0/4) Lair:2        Snake (0/4) Lair:2        Sewer (visited)
    Orc: D:9-12

Altars:
Ashenzari
Cheibriados
Dithmenos
Elyvilon
Gozag
Kikubaaqudgha
Makhleb
Nemelex Xobeh
Okawaru
Sif Muna
Trog
Uskayaw
Vehumet
Yredelemnul
The Shining One

Shops:
D:2 *   D:9 =   D:11 [

Annotations:
D:5 1 runed translucent door, Crazy Yiuf
D:6 2 transporters, suzumiya's ghost, novice MiGl
D:11 1 exclusion
Lair:1 exclusion: oklob plant
Lair:3 Rupert


Innate Abilities, Weirdness & Mutations

((You are very nimble when in or above water. (Stealth+, EV+, Speed+++)))
Your lower body shifts to a powerful aquatic tail in water.
You are dopey. (Int -2)


Message History

Rupert struggles to escape constriction.
The blink frog struggles to blink free from constriction.
The roots lose their grip on something.
The grasping roots constrict Rupert.
Rupert escapes!
Your skin stops crawling.
You feel less strong-willed. Rupert roars wildly at you.
You suddenly lose the ability to move!
The blink frog blinks!
The blink frog gives a loud, deep croak!
The blink frog blinks!
You can move again.
The blink frog blinks!
Rupert roars madly and goes into a rage!
Rupert goes berserk!
The blink frog attacks as you move away!
The blink frog hits you but does no damage.
You block the blink frog's attack.
The blink frog blinks!
You block the blink frog's attack.
The blink frog hits the plant!
The plant begins to die.
The blink frog blinks!
The blink frog hits you.
The blink frog blinks!
The blink frog blinks!
Rupert rages.
The blink frog blinks!
The blink frog hits you!
The blink frog blinks!
The blink frog blinks! x2
A nearby plant withers and dies.
Rupert misses you.
The blink frog hits you but does no damage.
The blink frog attacks as you move away!
The blink frog hits you. Rupert attacks as you move away!
Rupert hits you with a +2 great mace of pain!!
You writhe in agony.
Rupert hits you with a +2 great mace of pain!!
You writhe in agony.
* * * LOW HITPOINT WARNING * * *
The blink frog closely misses you.
Unknown command.
As you read the scroll labelled OHOGAI COWN, it crumbles to dust.
It is a scroll of enchant armour.
Your +0 helmet glows green for a moment.
Rupert hits you with a +2 great mace of pain!!
You die...

#.....# ##P..P...#......
##..#.## ###.P............
#....## ###P......~......P#
##....# #.#.....~~≈~~~...##
#....## ##....~≈~≈~≈≈~...#
##...# ###.....~≈≈~≈≈~≈~~.##
##...# #......~≈≈≈.~~≈≈~...#
#....# ###..#..#~≈≈≈~<~≈≈~~.##
##...#####F...@@##.≈≈≈~~.~≈≈~.#
##............F###~~≈≈≈≈~~≈~~##
#...#...........##..~≈≈≈≈~~~...
##...§####P#...####.~~~~~~~.....
##.....# ###...# ##...~.~......
#P....## #...# #P#.#........
##...F# ##..# ###. .......
##...# #### #....## #####


You could see Rupert (berserk) and 2 blink frogs.

Vanquished Creatures
  An ice dragon (D:11)
  2 catoblepae
  Erolcha (D:10)
  2 hydras (Lair:2)
  A hydra (shapeshifter) (D:11)
  A centaur warrior (D:11)
  A death knight (D:11)
  4 two-headed ogres
  A flayed ghost (D:11)
  Pikel (D:7)
  A wolf spider (D:11)
  A cyclops (D:11)
  A manticore (D:11)
  An elephant (Lair:2)
  A water nymph (shapeshifter) (D:11)
  6 cane toads
  Maggie (D:7)
  3 komodo dragons
  A polar bear (Lair:1)
  A troll (D:11)
  A tyrant leech (Lair:2)
  4 meliai (D:11)
  A tarantella (shapeshifter) (D:11)
  Prince Ribbit (D:7)
  Grinder (Sewer)
  3 blink frogs (Lair:1)
  4 wyverns (D:11)
  20 yaks
  2 vampires
  3 wraiths
  A basilisk (Lair:1)
  4 swamp worms (Lair:2)
  7 acid dragons
  6 water moccasins
  Pargi (D:3)
  5 sky beasts
  An ice beast (D:6)
  An ogre (D:6)
  5 centaurs
  3 lemures (D:7)
  A phantom (D:6)
  Blork the orc (D:5)
  2 kobold brigands
  5 bullfrogs
  A necrophage (Sewer)
  3 gnoll sergeants
  A scorpion (D:4)
  A wight (Sewer)
  5 killer bees (D:9)
  4 orc priests
  2 jellies (D:6)
  2 iguanas
  9 orc wizards
  10 hell rats (Lair:2)
  20 gnolls
  6 adders
  6 river rats (Lair:2)
  4 shadow imps
  A white imp (D:5)
  7 ufetubi
  A worm (D:5)
  5 dart slugs
  19 orcs
  6 endoplasms
  10 giant cockroaches
  11 goblins
  7 hobgoblins
  3 jackals (D:1)
  2 quokkas
  17 ball pythons
  5 frilled lizards
  27 kobolds
  2 kobold zombies (Sewer)
  9 rats
321 creatures vanquished.

Vanquished Creatures (collateral kills)
  Urug (D:10)
1 creature vanquished.

Grand Total: 322 creatures vanquished

Notes
Turn   | Place    | Note
-------+----------+-------------------------------------------
     0 | D:1      | diecastcamel the Merfolk Berserker began the quest for the
                  | Orb.
     0 | D:1      | Reached XP level 1. HP: 18/18 MP: 1/1
   123 | D:1      | Reached XP level 2. HP: 24/24 MP: 2/2
   204 | D:1      | Reached skill level 5 in Polearms
   518 | D:1      | Reached XP level 3. HP: 29/29 MP: 3/3
   919 | D:2      | Reached ** piety under Trog
   960 | D:2      | Reached skill level 6 in Polearms
  1081 | D:2      | Found a snail-covered altar of Cheibriados.
  1094 | D:2      | Found Qenk's General Store.
  1110 | D:2      | Bought a +0 trident for 49 gold pieces
  1110 | D:2      | Bought a scroll of identify for 28 gold pieces
  1205 | D:2      | Reached XP level 4. HP: 35/35 MP: 4/4
  1502 | D:3      | Noticed Pargi
  1513 | D:3      | Killed Pargi
  1514 | D:3      | Reached skill level 7 in Polearms
  1514 | D:3      | Reached XP level 5. HP: 35/42 MP: 5/5
  1565 | D:3      | Found a radiant altar of Vehumet.
  1696 | D:3      | Found a faded altar of an unknown god.
  1796 | D:3      | Found a sparkling altar of Nemelex Xobeh.
  1797 | D:3      | Found a broken altar of Ashenzari.
  1950 | D:3      | Found a hide-covered altar of Uskayaw.
  2387 | D:4      | Found a basalt altar of Yredelemnul.
  2453 | D:4      | Reached XP level 6. HP: 31/49 MP: 6/6
  2495 | D:4      | Reached *** piety under Trog
  2827 | D:4      | Reached skill level 8 in Polearms
  2854 | D:5      | Entered Level 5 of the Dungeon
  2897 | D:5      | Found an ancient bone altar of Kikubaaqudgha.
  2898 | D:5      | Found a shadowy altar of Dithmenos.
  2898 | D:5      | Found a bloodstained altar of Trog.
  2898 | D:5      | Found a white marble altar of Elyvilon.
  2994 | D:5      | Found a glowing drain.
  2998 | Sewer    | Entered a sewer
  3181 | Sewer    | Found an ancient bone altar of Kikubaaqudgha.
  3199 | Sewer    | Reached skill level 1 in Evocations
  3199 | Sewer    | Reached XP level 7. HP: 55/55 MP: 7/7
  3278 | Sewer    | Reached **** piety under Trog
  3295 | Sewer    | Reached skill level 5 in Fighting
  3329 | Sewer    | Noticed Grinder
  3376 | Sewer    | Paralysed by Grinder for 3 turns
  3396 | Sewer    | Paralysed by Grinder for 4 turns
  3407 | Sewer    | Paralysed by Grinder for 3 turns
  3408 | Sewer    | Killed Grinder
  3409 | Sewer    | Reached skill level 9 in Polearms
  3465 | Sewer    | Identified the +6 short sword of Malaise {vamp, Contam rF+
                  | rC+ Dex+2}
  3644 | D:5      | Found a staircase to the Ecumenical Temple.
  3686 | D:5      | Noticed Blork the orc
  3695 | D:5      | Killed Blork the orc
  3696 | D:5      | Reached XP level 8. HP: 49/63 MP: 8/8
  3939 | D:5      | Found a runed translucent door.
  3940 | D:5      | Noticed Crazy Yiuf
  4421 | D:6      | Noticed a sun demon
  4427 | D:6      | Noticed suzumiya's ghost (novice MiGl)
  4434 | D:6      | Noticed a toenail golem
  4681 | D:6      | Found a transporter.
  4749 | D:6      | Reached skill level 10 in Polearms
  5620 | D:6      | Reached XP level 9. HP: 70/71 MP: 9/9
  5813 | D:6      | Found an iron altar of Okawaru.
  5912 | D:6      | Found a transporter.
  6059 | D:7      | Noticed Maggie
  6073 | D:7      | Killed Maggie
  6074 | D:7      | Reached skill level 11 in Polearms
  6508 | D:7      | Noticed Prince Ribbit
  6750 | D:7      | Killed Prince Ribbit
  6751 | D:7      | Reached skill level 1 in Shields
  6991 | D:7      | Noticed Pikel
  7012 | D:7      | Killed Pikel
  7013 | D:7      | Reached skill level 5 in Armour
  7013 | D:7      | Reached XP level 10. HP: 48/80 MP: 10/10
  7481 | D:8      | Noticed a two-headed ogre
  7504 | D:8      | Killed a two-headed ogre
  7505 | D:8      | Reached skill level 12 in Polearms
  7650 | D:8      | Found a burning altar of Makhleb.
  7894 | D:8      | Found a shimmering blue altar of Sif Muna.
  8539 | D:9      | Found Jitucau's Jewellery Shop.
  8586 | D:9      | Bought an amulet of reflection for 360 gold pieces
  8831 | D:9      | Reached ***** piety under Trog
  9078 | D:9      | Found an opulent altar of Gozag.
  9586 | D:8      | Reached skill level 13 in Polearms
  9595 | D:8      | Reached skill level 5 in Dodging
  9665 | D:10     | Entered Level 10 of the Dungeon
  9692 | D:10     | Reached XP level 11. HP: 58/89 MP: 11/11
  9840 | D:10     | Noticed a two-headed ogre
  9872 | D:10     | Killed a two-headed ogre
  9876 | D:10     | Noticed Urug
  9954 | D:10     | Noticed a two-headed ogre
  9991 | D:10     | Killed a two-headed ogre
 10137 | D:10     | Killed Urug
 10138 | D:10     | Reached skill level 10 in Fighting
 10286 | D:10     | Noticed Erolcha
 10305 | D:10     | Killed Erolcha
 10547 | D:10     | Found a glowing golden altar of the Shining One.
 10563 | D:10     | Noticed a two-headed ogre
 10578 | D:10     | Killed a two-headed ogre
 11075 | D:11     | Reached skill level 14 in Polearms
 11115 | D:11     | Noticed a death knight
 11118 | D:11     | Noticed a cyclops
 11122 | D:11     | Noticed a steelbarb worm
 11154 | D:11     | Noticed a wolf spider
 11154 | D:11     | Noticed a flayed ghost
 11174 | D:11     | Noticed a flayed ghost
 11184 | D:11     | a steelbarb worm changed into a cyclops
 11184 | D:11     | Noticed a cyclops (shapeshifter)
 11201 | D:11     | Noticed a hell knight
 11202 | D:11     | Noticed a catoblepas
 11207 | D:11     | Noticed a moth of wrath
 11415 | D:11     | Noticed a manticore
 11424 | D:11     | Killed a manticore
 11456 | D:11     | Killed a death knight
 11457 | D:11     | Reached skill level 5 in Evocations
 11457 | D:11     | Reached XP level 12. HP: 99/99 MP: 12/12
 11739 | D:11     | Found Li Ji's Dragon-Slaying Spoils.
 11817 | D:11     | Noticed a centaur warrior
 12163 | D:11     | Found a staircase to the Lair.
 12267 | D:11     | Killed a centaur warrior
 12488 | D:11     | Noticed an ice dragon
 12672 | D:11     | Noticed a dire elephant
 12682 | D:11     | Noticed a minotaur
 12683 | D:11     | a minotaur changed into an eight-headed hydra
 12683 | D:11     | Noticed an eight-headed hydra (glowing shapeshifter)
 12687 | D:11     | an eight-headed hydra changed into a bunyip
 12687 | D:11     | Noticed a bunyip (glowing shapeshifter)
 12689 | D:11     | a bunyip changed into a quicksilver ooze
 12689 | D:11     | Noticed a quicksilver ooze (glowing shapeshifter)
 12691 | D:11     | a quicksilver ooze changed into a fire dragon
 12691 | D:11     | Noticed a fire dragon (glowing shapeshifter)
 12700 | D:11     | a fire dragon changed into a bunyip
 12700 | D:11     | Noticed a bunyip (glowing shapeshifter)
 12702 | D:11     | a bunyip changed into a seven-headed hydra
 12702 | D:11     | Noticed a seven-headed hydra (glowing shapeshifter)
 12709 | D:11     | Killed a seven-headed hydra
 12896 | D:11     | Killed a catoblepas
 13236 | D:11     | Killed an ice dragon
 13352 | D:11     | Identified the ring of Egomania {AC+4 Int+5}
 13355 | D:11     | Gained mutation: You are dopey. (Int -2) [mutagenic glow]
 13406 | Lair:1   | Entered Level 1 of the Lair of Beasts
 13797 | Lair:1   | Reached skill level 10 in Dodging
 14163 | Lair:1   | Noticed a catoblepas
 14212 | Lair:1   | Killed a catoblepas
 14807 | Lair:2   | Found a staircase to the Snake Pit.
 14977 | Lair:2   | Reached XP level 13. HP: 89/108 MP: 13/13
 15713 | Lair:2   | Found a staircase to the Swamp.
 16241 | Lair:3   | Noticed Rupert
 16273 | Lair:3   | Paralysed by Rupert for 5 turns
 16290 | Lair:3   | Slain by Rupert

Illustrated notes

Levels and vault maps discovered:
D:1:      dpeg_arrival_windows_large_door, layout_rooms, minivault_11,
          minmay_pentomino_v2
D:2:      layout_rooms, basic_altar, serial_shops,
          nicolae_shop_tiny_statue_garden, corexii_leaking_fountain,
          minmay_close_crescents
D:3:      layout_loops_ring, mainiacjoe_overflow_small_starburst,
          mainiacjoe_overflow_divided_tiny, mainiacjoe_overflow_catwalk,
          ebering_ecumenical_altar_rust, uniq_pargi
D:4:      layout_basic, mainiacjoe_overflow_cross_hatched,
          nicolae_concentric_dashed_squares_mild, nicolae_titane
D:5:      layout_loops_ring, chequers_temple_overflow_statue_of_worship,
          minmay_temple_entry_glass, gup_sewer_entry_bowl, uniq_blork_the_orc,
          uniq_crazy_yiuf_cottage
D:6:      layout_basic, mainiacjoe_overflow_boulevard,
          gammafunk_ghost_abyssal_escape, kennysheep_dice
D:7:      layout_basic, uniq_maggie, uniq_pikel, uniq_prince_ribbit1
D:8:      layout_cave_pools, lemuel_round_altar, nicolae_sif_muna_little_library
D:9:      layout_grid_maze, grunt_gozag_breadcrumbs, serial_shops, shop
D:10:     layout_rooms, lemuel_round_altar, serial_co_window_serial,
          co_window_paths_a, co_window_paths_a, co_window_paths_a,
          co_window_corner_a, co_window_paths_a, co_window_broadway_b,
          co_window_unsneaky_path_e, co_window_corner_b, co_window_4corner_a,
          glass_columns_a, glass_columns_a, glass_columns_b, glass_columns_b,
          uniq_urug, uniq_erolcha
D:11:     minmay_tile_spiral, layout_rooms, minmay_lair_entry_grove,
          nicolae_shop_dragon_depot
Lair:1:   layout_gridlike
Lair:2:   layout_gridlike, palyth_hydra_swamp_entry, dummy_snake_entry,
          chequers_serial_rivers_small_b, kennysheep_abandoned_house
Lair:3:   layout_concentric_octagons, serial_forest, infiniplex_forest_end_2,
          infiniplex_forest_end_1, infiniplex_forest_3_way,
          infiniplex_forest_clump_medium, infiniplex_forest_lined_3,
          infiniplex_forest_lined_4_way, infiniplex_staircase_pool_2,
          uniq_rupert

Skill      XL: |  1  2  3  4  5  6  7  8  9 10 11 12 13 |
---------------+----------------------------------------+-----
Polearms       | 5 6 7 8 9 10 11 13 14 | 14.6
Fighting       | 4 5 6 8 9 10 12 | 12.3
Dodging        | 3 5 8 10 11 | 11.0
Armour         | 2 3 5 6 7 8 |  8.3
Evocations     | 1 2 4 5 7 |  7.5
Shields        | 2 4 |  4.0

Action                     |  1- 3 |  4- 6 |  7- 9 | 10-12 | 13-15 || total
---------------------------+-------+-------+-------+-------+-------++-------
  Melee: Spear             |   112 |       |       |       |       ||   112
         Punch             |     2 |     1 |     1 |       |       ||     4
         Trident           |     9 |   166 |   441 |   865 |   170 ||  1651
         Tailslap          |       |     1 |     1 |     2 |     7 ||    11
  Throw: Stone             |     1 |    15 |       |     2 |       ||    18
         Dart              |       |    10 |    55 |    83 |    12 ||   160
         Throwing net      |       |       |     1 |     1 |       ||     2
         Javelin           |       |       |       |     2 |       ||     2
 Invoke: Berserk           |       |     1 |     2 |     8 |     1 ||    12
         Trog's Hand       |       |       |       |    10 |     1 ||    11
         Brothers in Arms  |       |       |       |     1 |       ||     1
  Evoke: Wand              |       |       |     5 |    21 |     8 ||    34
         Phial of floods   |       |       |       |     2 |       ||     2
    Use: Scroll            |     3 |     2 |     4 |    10 |     1 ||    20
         Potion            |       |       |       |     2 |       ||     2
   Stab: Petrified         |       |       |       |     2 |       ||     2
 Armour: Animal skin       |     1 |       |       |       |       ||     1
         Leather armour    |     1 |       |       |       |       ||     1
         Ring mail         |    10 |    14 |       |       |       ||    24
         Troll leather arm |       |    29 |    22 |       |       ||    51
         Chain mail        |       |       |   112 |   261 |    24 ||   397
  Dodge: Dodged            |    43 |    76 |   115 |   203 |    35 ||   472
  Block: Buckler           |       |       |     3 |   238 |    36 ||   277
         Reflection        |       |       |       |    14 |     2 ||    16
